 Dungeon Crawl Stone Soup version 0.30-a0-702-gdf48620a09 (webtiles) character file.

Game seed: 3993817400204812103

284 Fenrisus the Shield-Bearer (level 6, -8/49 HPs)
             Began as a Formicid Fighter on Jan 21, 2023.
             Was an Initiate of Hepliaklqana.
             Killed from afar by Ijyb (12 damage)
             ... with a bolt of acid
             ... on level 3 of the Dungeon.
             The game lasted 00:09:18 (1930 turns).

Fenrisus the Shield-Bearer (Formicid Fighter)       Turns: 1930, Time: 00:09:19

Health: -8/49      AC:  2    Str: 21    XL:     6   Next: 55%
Magic:  6/6        EV:  7    Int:  7    God:    Hepliaklqana [......]
Gold:   138        SH:  6    Dex: 15    Spells: 5/5 levels left

rFire   . . .      SeeInvis +    a - +0 quarterstaff (flame)
rCold   . . .      Faith    .    c - +1 buckler
rNeg    . . .      Spirit   .    f - +1 chain mail
rPois   .          Reflect  .    (helmet unavailable)
rElec   .          Harm     .    (no cloak)
rCorr   .          Rampage  .    (no gloves)
Will    .....                    (no boots) Stlth
                                 (no amulet)
HPRegen 0.28/turn                (no ring)
MPRegen 0.10/turn                (no ring)

@: corroded
A: permanent stasis, dig shafts and tunnels, antennae 3, four strong arms
a: Dig, Shaft Self, Renounce Religion


You were on level 3 of the Dungeon.
You worshipped Hepliaklqana.
Hepliaklqana was noncommittal.
You visited 1 branch of the dungeon, and saw 3 of its levels.

You collected 138 gold pieces.

Inventory:

Hand Weapons
 a - a +0 quarterstaff of flaming (weapon)
Armour
 c - a +1 buckler (worn)
 e - a +0 robe of cold resistance
 f - a +1 chain mail (worn)
Potions
 b - a potion of brilliance {unknown}
 d - a potion of magic {unknown}
 k - a potion of mutation {unknown}
 l - a potion of attraction {unknown}


   Skills:
 + Level 4.7 Fighting
 + Level 3.6 Staves
 + Level 4.6 Armour
 + Level 5.6 Shields


You had 5 spell levels left.
You didn't know any spells.
Your spell library contained the following spells:

 Spells                   Type           Power      Damage    Failure   Level
 Freeze                   Ice            0%         1d3       99%         1
 Frozen Ramparts          Ice            0%         1d1       100%        3
 Hailstorm                Conj/Ice       0%         3d3       100%        3
 Leda's Liquefaction      Hex/Erth       0%         N/A       100%        4
 Lee's Rapid Deconstruct  Erth           0%         3d4*      100%        5
 Statue Form              Tmut/Erth      0%         N/A       100%        6


Dungeon Overview and Level Annotations

Branches:
Dungeon (3/15)

Altars:
Hepliaklqana

Annotations:
D:3 Ijyb


Innate Abilities, Weirdness & Mutations

You cannot be hasted, slowed, berserked, paralysed or teleported.
You can dig through walls and to a lower floor.
You have a pair of large antennae on your head. (SInv)
Your four strong arms can wield two-handed weapons with a shield.


Message History

You block Ijyb's attack.
You closely miss Ijyb.
Ijyb is lightly wounded.
Ijyb hits you with a +0 dagger.
You feel better. Ijyb hits you with a +0 dagger.
You feel better. Ijyb hits you with a +0 dagger.
You hit Ijyb but do no damage.
Ijyb is lightly wounded.
Ijyb hits you with a +0 dagger. x2
You hit Ijyb but do no damage.
Ijyb is lightly wounded.
Ijyb hits you with a +0 dagger.
You barely miss Ijyb.
Ijyb is lightly wounded.
Ijyb hits you but does no damage.
You barely miss Ijyb.
Ijyb is lightly wounded.
Ijyb hits you with a +0 dagger.
You hit Ijyb but do no damage.
Ijyb is lightly wounded.
You block Ijyb's attack. Ijyb screams, "Me kill you!" You block Ijyb's attack.
You barely miss Ijyb.
Ijyb is lightly wounded.
Ijyb zaps a wand.
The bolt of acid misses you.
You hit Ijyb. You burn Ijyb.
Ijyb is heavily wounded.
Ijyb zaps a wand.
The bolt of acid misses you.
You hit Ijyb. You burn Ijyb.
Ijyb is severely wounded.
Ijyb zaps a wand.
The bolt of acid hits you!
* * * LOW HITPOINT WARNING * * *
You barely miss Ijyb.
Ijyb is severely wounded.
You block Ijyb's attack. Ijyb attacks as you move away!
Ijyb hits you with a +0 dagger.
* * * LOW HITPOINT WARNING * * *
Ijyb zaps a wand.
The bolt of acid hits you!
You die...

{ ### ...#
############....#
#.......@.......#
..##...##.......#
#8...8#g.######
##...##..#
#...##..#
##...##...
#8...8#..#. ###
####...######
###8###8##...##8###


You could see Ijyb.

Vanquished Creatures
  Sigmund (D:3)
  Robin (D:2)
  A gnoll (D:1)
  3 dart slugs
  An orc (D:3)
  4 bats (D:2)
  6 endoplasms
  6 giant cockroaches
  15 goblins
  7 hobgoblins
  6 jackals (D:2)
  A quokka (D:1)
  4 ball pythons
  2 frilled lizards
  7 kobolds
  16 rats
81 creatures vanquished.

Notes
Turn   | Place    | Note
-------+----------+-------------------------------------------
     0 | D:1      | Fenrisus the Formicid Fighter began the quest for the Orb.
     0 | D:1      | Reached XP level 1. HP: 18/18 MP: 1/1
    48 | D:1      | Reached XP level 2. HP: 19/24 MP: 2/2
   215 | D:1      | Reached XP level 3. HP: 27/29 MP: 3/3
   234 | D:1      | Found a faded altar of an unknown god.
   472 | D:1      | Reached XP level 4. HP: 34/37 MP: 4/4
   614 | D:2      | Found a hazy altar of Hepliaklqana.
   618 | D:2      | Became a worshipper of Hepliaklqana the Forgotten
   666 | D:2      | Noticed Robin
   826 | D:2      | Killed Robin
  1096 | D:2      | Reached XP level 5. HP: 33/42 MP: 5/5
  1708 | D:3      | Reached skill level 5 in Shields
  1712 | D:3      | Noticed Sigmund
  1842 | D:3      | Killed Sigmund
  1843 | D:3      | Reached XP level 6. HP: 49/49 MP: 6/6
  1906 | D:3      | Noticed Ijyb
  1930 | D:3      | Killed from afar by Ijyb

Illustrated notes

Levels and vault maps discovered:
D:1:      dpeg_arrival_ratfight, layout_rooms,
          hellmonk_ecumenical_altar_lost_god, minmay_pentomino_q2
D:2:      layout_loops_cross, basic_altar, uniq_robin
D:3:      layout_basic, serial_corexii_hall, corexii_hall_statues_deadend,
          corexii_hall_statues_x, chequers_hall_statues_y,
          chequers_hall_statues_wall_a, gammafunk_ghost_necromancy,
          uniq_sigmund, uniq_crazy_yiuf_cottage, uniq_ijyb

Skill      XL: |  1  2  3  4  5 |
---------------+----------------+-----
Fighting       | 4 |  4.7
Armour         | 4 |  4.6
Staves         | 3 |  3.6
Shields        | 5 |  5.6

Action                   |  1- 3 |  4- 6 || total
-------------------------+-------+-------++-------
Melee: Quarterstaff      |    82 |   145 ||   227
  Use: Scroll            |       |     9 ||     9
       Potion            |       |     4 ||     4
Armor: Scale mail        |    44 |    32 ||    76
       Chain mail        |       |    22 ||    22
Dodge: Dodged            |    33 |    46 ||    79
Block: Buckler           |    22 |    44 ||    66

Table legend: (Time is in decaauts)
 A = Elapsed time spent in this place.
 B = Non-inter-level travel time spent in this place.
 C = Inter-level travel time spent in this place.
 D = Time resting spent in this place.
 E = Time spent auto-exploring this place.
 F = Levels seen in this place.
 G = Mean time per level.
                   A        B        C        D        E       F      G
               +--------+--------+--------+--------+--------+-----+--------+
         Total |   1980 |   1145 |    835 |    352 |    240 |   3 |  660.0 |
       Dungeon |   1980 |   1145 |    835 |    352 |    240 |   3 |  660.0 |
               +--------+--------+--------+--------+--------+-----+--------+

Top non-repeatable levels by time:
     D:2: 1038 daAuts
     D:1: 759 daAuts
     D:3: 181 daAuts
